 Dungeon Crawl Stone Soup version 0.30.0-19-g36f170ea60 (webtiles) character file.

Game seed: 4280905154854130767

36 CaptainMV the Cudgeller (level 3, -1/24 HPs)
             Began as a Demonspawn Wanderer on May 30, 2023.
             Succumbed to an adder's poison
             ... on level 2 of the Dungeon.
             The game lasted 00:04:49 (608 turns).

CaptainMV the Cudgeller (Demonspawn Wanderer)        Turns: 608, Time: 00:04:49

Health: -1/24      AC:  5    Str: 17    XL:     3   Next: 19%
Magic:  4/4        EV:  6    Int: 11    God:
Gold:   64         SH:  9    Dex: 11    Spells: 4/4 levels left

rFire   . . .        a - +0 flail
rCold   . . .        l - +0 tower shield
rNeg    . . .        c - +0 ring mail
rPois   .            (no helmet)
rElec   .            (no cloak)
rCorr   .            (no gloves)
SInv    .            (no boots)
Will    .....        (no amulet)
Stlth   +            (no ring)
HPRegen 0.24/turn    (no ring)
MPRegen 0.18/turn

%: no passive effects
@: lethally poisoned (-1 -> -2)
A: magic regeneration, sturdy frame 1
a: no special abilities


You were on level 2 of the Dungeon.
You visited 1 branch of the dungeon, and saw 2 of its levels.

You collected 64 gold pieces.

Inventory:

Hand Weapons
 a - a +0 flail (weapon)
Missiles
 m - 5 javelins (quivered)
Armour
 c - a +0 ring mail (worn)
 l - a +0 tower shield (worn)
Jewellery
 f - an amulet of magic regeneration
 n - an amulet of the acrobat
Scrolls
 b - a scroll of teleportation
 d - 2 scrolls of fog
 h - a scroll of enchant armour {unknown}
 j - 2 scrolls of identify {unknown}
 k - a scroll of amnesia {unknown}
Potions
 e - a potion of heal wounds {unknown}
 g - a potion of might {unknown}
 i - a potion of invisibility {unknown}
 o - a potion of curing {unknown}


   Skills:
 + Level 0.2 Fighting
 + Level 5.2 Maces & Flails
 + Level 2.8 Armour
 + Level 0.4 Dodging
 + Level 1.0 Spellcasting
 + Level 1.0 Evocations


You had 4 spell levels left.
You didn't know any spells.
Your spell library was empty.

Dungeon Overview and Level Annotations

Branches:
Dungeon (2/15)

Altars:

Shops:
D:1 *


Innate Abilities, Weirdness & Mutations

You regenerate magic rapidly.
Your movements are slightly less encumbered by armour. (ER -2)


Message History

You block the adder's attack. The hobgoblin barely misses you.
The adder bites you.
You closely miss the adder.
The adder is severely wounded.
You block the adder's attack. The hobgoblin hits you.
The adder bites you but does no damage. You block the hobgoblin's attack.
You barely miss the adder.
The adder is severely wounded.
You block the adder's attack. The hobgoblin hits you.
You block the adder's attack.
You barely miss the adder.
The adder is severely wounded.
You block the adder's attack. The hobgoblin hits you.
You block the adder's attack. The hobgoblin hits you.
You barely miss the adder.
The adder is severely wounded.
The adder bites you.
You are poisoned.
The adder poisons you! The hobgoblin closely misses you.
The adder bites you but does no damage.
You miss the adder.
The adder is severely wounded.
* * * LOW HITPOINT WARNING * * *
You feel very sick. You block the adder's attack.
The hobgoblin barely misses you. You block the adder's attack.
You block the hobgoblin's attack.
You miss the adder.
The adder is severely wounded.
You feel sick. You block the adder's attack. The hobgoblin hits you.
* * * LOW HITPOINT WARNING * * *
The adder barely misses you. The hobgoblin barely misses you.
You barely miss the adder.
The adder is severely wounded.
* * * LOW HITPOINT WARNING * * *
You feel sick. The adder barely misses you.
The adder bites you but does no damage. The hobgoblin hits you.
* * * LOW HITPOINT WARNING * * *
You hit the adder.
The adder is severely wounded.
You die...

#..#†# #... .#..#
#..#.# #..###.#..
.....# #..#..... .....#
#..#.#.#
.....#########......#
.....#........#...#...#
.....#.####.#.#...# ..
..............#...#
.....#......#.#.@.#
.........#.##.#.gS#
.......#.#.##.#...#
########.#.##.#...#
#.#..#.#...#
#.#.##.#....
#.#....#..## ###..#


You could see an adder and a hobgoblin.

Vanquished Creatures
  2 endoplasms (D:1)
  A giant cockroach (D:1)
  4 goblins (D:1)
  5 hobgoblins
  2 quokkas (D:1)
  6 ball pythons
  4 bats
  A frilled lizard (D:1)
  5 kobolds
  2 rats (D:1)
32 creatures vanquished.

Notes
Turn   | Place    | Note
-------+----------+-------------------------------------------
     0 | D:1      | CaptainMV the Demonspawn Wanderer began the quest for the
                  | Orb.
     0 | D:1      | CaptainMV set off with the following items: a +0 flail, a
                  | scroll of teleportation, a +0 ring mail, a scroll of fog.
     0 | D:1      | Reached XP level 1. HP: 13/13 MP: 2/2
    99 | D:1      | Gained mutation: Your movements are slightly less
                  | encumbered by armour. (ER -2) [demonic ancestry]
    99 | D:1      | Reached XP level 2. HP: 19/19 MP: 3/3
   141 | D:1      | Reached skill level 5 in Maces & Flails
   303 | D:1      | Found Esaf's General Store.
   312 | D:1      | Gained mutation: You regenerate magic rapidly. [demonic
                  | ancestry]
   312 | D:1      | Reached XP level 3. HP: 23/24 MP: 4/4
   607 | D:2      | HP: 1/24 [hobgoblin (1)]
   608 | D:2      | Succumbed to an adder's poison

Illustrated notes

Levels and vault maps discovered:
D:1:      ncdulo_lavacross, layout_rooms, serial_shops, shop, st_stairs_3,
          minmay_misc_feat_plants, minmay_misc_feat_tiny, grunt_decor_junction,
          minivault_4
D:2:      kennysheep_the_goblin_king, layout_basic

Skill      XL: |  1  2 |
---------------+-------+-----
Maces & Flails | 5 |  5.2
Fighting       | |  0.2
Armour         | |  2.8
Dodging        | |  0.4
Spellcasting   | |  1.0
Evocations     | |  1.0

Action                     || total
---------------------------++-------
  Melee: Flail             ||    97
 Armour: Ring mail         ||    54
  Dodge: Dodged            ||    49
  Block: Tower shield      ||    51
